Map: Mist Opportunities

Players

Hunter

  • Race: Zerg Zerg
  • League: Diamond

FireNFury

  • Race: Protoss Protoss
  • Spawn Location: 5:00

VOD

https://youtu.be/6DojWFj2rMU

Description

This is my favorite build for Stukov, early Civilian Compound upgrade steam roll fast then add the Bunkers and it's an easy win. Call downs should as always be used asap and make sure to watch the mini-map to change the Psi-Emitter to the right location.

Time

  • Played on: June 1, 2018, 1:40 a.m.
  • Length: 30:08
Show
View Real Time Build Order
Export as new Build Order

Hunter Zerg 

Build Orders:  

Get SALT Encoding   

  12  0:03  Infested SCV  
  13  0:14  Infested SCV  
  13  0:18  Infested SCV  
  13  0:19  Infested Colonist Compound  
  15  1:03  Infested Command Center  
  15  1:14  Overlord  
  15  1:29  Infested Barracks  
  15  1:42  Infested SCV x2  
  17  1:54  Infested SCV x2  
  19  2:30  Infested Marine  
  19  2:34  Infested Marine  
  19  2:37  Infestation Level 1  
  21  2:44  Infested SCV  
  21  2:47  Infested SCV  
  23  2:54  Infested Refinery  
  23  3:10  Infested SCV  
  23  3:11  Infested SCV  
  23  3:15  Infested Refinery  
  25  3:33  Infested SCV  
  25  3:34  Infested SCV x3  
  25  3:39  Infested Command Center  
  29  3:41  Infested SCV x2  
  31  3:53  Infested SCV x2  
  33  4:03  Infested SCV x2  
  35  4:11  Infested SCV  
  34  4:32  Infested SCV  
  34  4:33  Infested SCV  
  34  4:35  Overlord x2  
  34  4:37  Anaerobic Enhancement  
  36  4:40  Infested Barracks Tech Lab  
  36  4:46  Infested Engineering Bay  
  36  5:07  Infested Bunker  
  40  5:22  Infested Bunker  
  44  5:44  Infestation Level 2  
  44  6:00  Infested SCV x2  
  46  6:18  Infested SCV  
  46  6:19  Infested SCV x3  
  50  6:20  Overlord  
  50  6:35  Infested Factory  
  50  6:47  Infested Refinery  
  50  6:58  Infested SCV x2  
  56  7:04  Infested SCV  
  56  7:09  Infested Bunker, Infested Refinery  
  57  7:13  Infested Bunker x2  
  61  7:20  Overlord x2  
  61  7:31  Infested SCV  
  61  7:33  Infested Bunker  
  62  7:40  Infested Armory  
  62  7:44  Broodling Gestation  
  62  7:46  Infested SCV  
  63  7:52  Infested SCV x4  
  63  7:58  Regenerative Plating  
  67  8:09  Infested Missile Turret  
  67  8:22  Retinal Augmentation  
  67  8:25  Infested Factory Tech Lab  
  67  8:50  Stukov Vehicle and Ship Weapons Level 1  
  67  8:59  Infested SCV  
  68  9:01  Infested SCV  
  68  9:02  Aggressive Incubation  
  68  9:09  Calcified Armor  
  69  9:11  Infested Starport  
  69  9:14  Infestation Level 3  
  69  9:30  Infested SCV  
  69  9:31  Infested SCV x2  
  72  9:41  Infested Engineering Bay  
  72  9:53  Overlord, Infested Bunker  
  72  9:54  Overlord x2  
  76  10:03  Plagued Munitions  
  76  10:20  Infested Bunker  
  76  10:25  Infested Bunker  
  76  10:26  Infested Bunker  
  80  10:45  Infested Starport Tech Lab  
  80  10:48  Stukov Infantry Armor Level 1  
  80  10:49  Stukov Infantry Weapons Level 1  
  80  10:59  Overlord, Infested Bunker  
  88  11:00  Infested Bunker  
  88  11:18  Overseer  
  88  11:19  Infested Bunker, Overseer  
  88  11:20  Overlord  
  88  11:21  Pneumatized Carapace  
  88  11:27  Infested Bunker  
  88  11:31  Infested Bunker  
  88  11:35  Infested Bunker  
  88  12:02  Infested Bunker  
  88  12:07  Infested Bunker x2  
  100  12:17  Infested Missile Turret  
  100  12:18  Infested Bunker  
  100  12:19  Infested Colonist Compound  
  100  12:23  Infested Bunker  
  100  12:24  Stukov Vehicle and Ship Weapons Level 2  
  100  12:26  Acidic Enzymes  
  100  12:32  Infested Bunker  
  100  12:35  Infested Bunker  
  104  12:44  Overlord x2  
  104  12:55  Infested Bunker  
  104  13:13  Infested Siege Tank  
  104  13:14  Infested Siege Tank x2  
  113  13:34  Overlord, Infested Bunker  
  117  13:56  Automated Mitosis  
  117  13:59  Infested Siege Tank  
  120  14:00  Infested Siege Tank  
  120  14:02  Infested Bunker  
  120  14:05  Infested Bunker  
  120  14:08  Infested Bunker  
  127  14:22  Infested Bunker  
  127  14:31  Stukov Infantry Armor Level 2, Stukov Infantry Weapons Level 2  
  127  14:32  Infested Bunker  
  127  14:47  Infested Siege Tank x2  
  133  15:04  Infested Bunker  
  133  15:08  Infested Missile Turret, Overseer  
  133  15:10  Infested Missile Turret  
  133  15:11  Overlord x2  
  133  15:17  Infested Missile Turret  
  133  15:38  Stukov Vehicle and Ship Weapons Level 3  
  133  16:21  Infested Bunker x2  
  133  16:24  Infested Bunker  
  133  16:25  Infested Bunker  
  133  16:26  Infested Bunker  
  133  16:28  Infested Bunker  
  145  16:43  Infested Bunker  
  145  16:44  Infested Bunker  
  145  16:47  Infested Siege Tank, Infested Bunker  
  145  16:48  Infested Siege Tank x2  
  145  16:49  Infested Bunker  
  154  16:52  Infested Bunker  
  154  17:01  Infested Bunker  
  154  17:02  Infested Missile Turret  
  154  17:03  Infested Missile Turret  
  154  17:07  Infested Bunker  
  158  17:16  Overlord x2  
  158  17:17  Overlord  
  158  17:37  Infested Bunker  
  158  17:39  Overlord x2  
  158  17:43  Stukov Infantry Weapons Level 3  
  158  17:44  Stukov Infantry Armor Level 3  
  158  17:48  Overseer x2  
  158  18:01  Infested Bunker  
  158  18:05  Infested Bunker  
  158  18:18  Infested Missile Turret  
  162  18:22  Infested Bunker  
  162  18:23  Overseer  
  162  18:29  Infested Missile Turret  
  162  18:36  Infested Bunker  
  162  18:37  Infested Bunker  
  170  19:11  Infested Bunker  
  170  19:12  Infested Bunker  
  178  19:25  Infested Missile Turret  
  178  19:34  Infested Siege Tank  
  178  19:35  Infested Siege Tank  
  184  19:43  Stukov Vehicle and Ship Armor Level 1  
  184  19:59  Infested Bunker  
  184  20:20  Infested Missile Turret  
  184  20:54  Overlord  
  184  20:55  Overlord x2  
  184  20:56  Infested Bunker  
  188  21:02  Infested Missile Turret  
  188  21:28  Infested Bunker  
  188  21:29  Infested Bunker  
  188  21:30  Infested Bunker  
  188  21:33  Infested Bunker  
  188  22:17  Infested Missile Turret, Infested Bunker  
  188  22:18  Infested Bunker  
  188  22:22  Infested Bunker  
  188  22:23  Infested Bunker  
  188  22:29  Infested Bunker  
  188  22:32  Infested Bunker  
  188  22:33  Infested Bunker  
  188  22:37  Infested Bunker  
  188  22:45  Infested Bunker  
  188  22:47  Infested Bunker  
  188  22:50  Infested Bunker x2  
  188  22:51  Infested Bunker  
  188  22:52  Infested Bunker  
  188  22:54  Infested Bunker  
  188  23:07  Overseer  
  188  23:10  Infested Bunker x2  
  188  23:12  Infested Bunker x3  
  188  23:14  Infested Bunker  
  188  23:16  Infested Bunker  
  188  23:17  Infested Siege Tank x4  
  188  23:18  Infested Missile Turret, Infested Bunker  
  188  23:19  Infested Missile Turret  
  200  23:22  Infested Bunker  
  200  23:51  Stukov Vehicle and Ship Armor Level 2  
  200  24:06  Infested Missile Turret x2  
  200  24:11  Infested Missile Turret  
  200  24:22  Infested Bunker  
  200  24:28  Infested Bunker  
  192  26:13  Infested Siege Tank x3  
  199  26:21  Infested Colonist Compound  
  196  26:47  Infested Siege Tank x2  
  198  27:10  Infested Siege Tank  
  196  27:36  Infested Siege Tank  
  196  27:54  Infested Siege Tank  
  195  28:35  Infested Siege Tank x2  
Show
View Real Time Build Order
Export as new Build Order

FireNFury Protoss 

Build Orders:  

Get SALT Encoding   

  12  0:03  Probe (Chrono Boost)  
  13  0:17  Probe (Chrono Boost)  
  14  0:31  Pylon  
  14  0:36  Probe (Chrono Boost)  
  15  0:54  Pylon  
  15  0:59  Probe (Chrono Boost)  
  16  1:08  Gateway  
  16  1:19  Probe (Chrono Boost)  
  16  1:24  Assimilator  
  17  1:33  Probe (Chrono Boost)  
  18  1:47  Probe (Chrono Boost)  
  19  2:04  Probe (Chrono Boost)  
  20  2:14  Cybernetics Core  
  20  2:24  Probe (Chrono Boost)  
  21  2:40  Nexus  
  21  2:48  Assimilator  
  21  2:51  Probe (Chrono Boost)  
  21  2:54  Warp Gate  
  23  3:11  Probe (Chrono Boost)  
  23  3:28  Death Council  
  23  3:35  Probe (Chrono Boost)  
  24  3:52  Probe (Chrono Boost)  
  25  4:09  Probe (Chrono Boost)  
  26  4:26  Probe (Chrono Boost)  
  26  4:28  Ascendant Archives  
  27  4:31  Probe (Chrono Boost)  
  27  4:38  Supplicant x2  
  32  4:45  Probe (Chrono Boost)  
  32  4:49  Probe (Chrono Boost)  
  34  4:51  Assimilator  
  34  4:57  Assimilator  
  34  4:59  Probe (Chrono Boost)  
  34  5:00  Pylon  
  34  5:02  Gateway  
  35  5:25  Probe (Chrono Boost)  
  35  5:28  Probe (Chrono Boost)  
  37  5:36  Havoc  
  37  5:39  Probe (Chrono Boost)  
  38  5:45  Probe (Chrono Boost)  
  40  5:56  Probe (Chrono Boost)  
  41  6:02  Probe (Chrono Boost)  
  42  6:10  Probe (Chrono Boost)  
  43  6:21  Mind Blast  
  43  6:26  Probe x2 (Chrono Boost)  
  45  6:34  Pylon  
  45  6:37  Pylon  
  45  6:39  Probe (Chrono Boost)  
  45  6:40  Probe (Chrono Boost)  
  45  6:45  Gateway  
  45  6:46  Gateway  
  47  6:52  Blood Shields  
  47  6:55  Probe (Chrono Boost)  
  47  6:56  Probe (Chrono Boost)  
  49  7:08  Cloaking Module  
  49  7:12  Probe x2 (Chrono Boost)  
  51  7:29  Probe x2 (Chrono Boost)  
  53  7:36  Supplicant x2, Havoc  
  58  8:04  Power Overwhelming  
  58  8:10  Ascendant  
  58  8:11  Ascendant x3  
  66  8:20  Pylon  
  66  8:23  Pylon  
  66  8:26  Pylon  
  66  8:31  Gateway  
  66  8:32  Gateway  
  66  8:36  Gateway  
  66  8:50  Supplicant x2  
  66  8:51  Supplicant x2  
  74  9:11  Chaotic Attunement  
  74  9:18  Bloodshard Resonance  
  74  9:29  Pylon  
  74  9:32  Pylon  
  74  9:35  Pylon  
  74  9:37  Pylon  
  74  9:38  Pylon, Probe (Chrono Boost)  
  75  9:41  Pylon  
  75  9:43  Pylon  
  75  9:44  Forge  
  75  9:47  Forge  
  75  9:49  Forge  
  75  10:03  Ascendant x4  
  75  10:04  Ascendant  
  85  10:19  Protoss Ground Weapons Level 1  
  85  10:20  Protoss Ground Armor Level 1  
  85  10:47  Imposing Presence  
  85  11:21  Pylon  
  85  11:23  Pylon  
  85  11:26  Pylon  
  85  11:29  Pylon  
  85  11:40  Pylon  
  85  11:47  Soul Augmentation  
  85  11:53  Ascendant  
  85  11:56  Supplicant x2  
  85  11:57  Supplicant x2  
  85  11:58  Supplicant x6  
  107  12:26  Pylon  
  107  12:35  Detect Weakness  
  107  13:01  Supplicant x2  
  107  13:02  Supplicant x6  
  107  13:03  Supplicant x2, Protoss Ground Weapons Level 2  
  127  13:21  Telekinesis, Havoc  
  128  13:35  Protoss Shields Level 1  
  128  13:50  Mothership  
  128  14:04  Gateway  
  128  14:05  Gateway  
  128  14:08  Gateway  
  128  14:11  Gateway  
  128  14:16  Protoss Ground Armor Level 2, Gateway x2  
  128  14:18  Gateway  
  128  14:19  Gateway  
  120  14:51  Ascendant  
  120  14:52  Ascendant x2  
  120  14:56  Supplicant x2  
  120  14:57  Supplicant x6  
  140  16:05  Protoss Ground Weapons Level 3  
  140  16:33  Pylon  
  140  16:37  Pylon  
  140  16:41  Pylon  
  140  16:45  Protoss Shields Level 2, Pylon  
  140  16:48  Pylon  
  140  16:50  Pylon  
  140  16:56  Protoss Ground Armor Level 3  
  140  17:04  Supplicant x4  
  140  17:05  Supplicant x6  
  140  17:07  Havoc  
  140  17:08  Havoc x3  
  164  17:15  Ascendant x4  
  172  17:51  Robotics Facility  
  172  18:01  Supplicant x2  
  172  18:02  Supplicant x4  
  172  18:03  Supplicant x4  
  172  18:04  Supplicant x2  
  177  21:07  Havoc  
  178  21:10  Ascendant  
  178  21:11  Ascendant  
  178  22:10  Protoss Shields Level 3  
  178  22:34  Pylon  
  178  22:38  Pylon  
  178  22:40  Pylon  
  178  22:41  Pylon  
  178  22:44  Pylon  
  178  23:12  Photon Cannon  
  178  23:16  Photon Cannon  
  178  23:19  Photon Cannon  
  178  23:20  Photon Cannon  
  178  23:22  Photon Cannon  
  178  23:24  Photon Cannon  
  178  23:34  Photon Cannon  
  178  23:35  Photon Cannon  
  178  23:36  Photon Cannon  
  178  23:38  Photon Cannon  
  178  23:40  Photon Cannon  
  178  23:46  Photon Cannon  
  178  23:49  Photon Cannon  
  178  23:50  Photon Cannon  
  178  23:53  Photon Cannon x2  
  178  23:55  Photon Cannon  
  178  24:07  Photon Cannon  
  178  24:10  Photon Cannon  
  178  24:11  Photon Cannon x2  
  178  24:13  Photon Cannon  
  178  24:16  Photon Cannon x2  
  178  24:18  Supplicant x2, Photon Cannon  
  178  24:19  Supplicant x8  
  198  24:21  Photon Cannon  
  198  24:22  Photon Cannon  
  198  24:23  Photon Cannon  
  198  24:32  Photon Cannon  
  198  24:54  Pylon  
  198  25:02  Pylon  
  198  25:10  Pylon  
  198  25:15  Pylon  
  198  25:21  Pylon  
  198  25:54  Probe (Chrono Boost)  
  198  25:58  Mothership  
Tags
 
Add a new tag
Caveats
  • Supply blocks, unpowered buildings, or Contaminate may cause inaccurate times.
  • Supply counts are checked every 10 seconds.